 Dungeon Crawl Stone Soup version 0.24-a0-447-ge8da9206dc (webtiles) character file.

Game seed: 4935011043323565740

163 Krouwed the Bolt Thrower (level 5, -2/41 HPs)
             Began as a Human Hunter on June 25, 2019.
             Slain by Sigmund
             ... wielding a +0 scythe
              (8 damage)
             ... on level 3 of the Dungeon.
             The game lasted 00:13:28 (3913 turns).

Krouwed the Bolt Thrower (Human Hunter)             Turns: 3913, Time: 00:13:29

Health: -2/41      AC:  8    Str: 13    XL:     5   Next: 72%
Magic:  5/5        EV:  6    Int: 11    God:
Gold:   41         SH:  4    Dex: 14    Spells: 4/4 levels left

rFire    . . .     SeeInvis .   b - +1 short sword
rCold    . . .     Gourm    .   q - +0 buckler
rNeg     . . .     Faith    .   j - +0 chain mail
rPois    .         Spirit   .   (no helmet)
rElec    .         Reflect  .   (no cloak)
rCorr    .         Harm     .   (no gloves)
MR       .....                  (no boots)
Stlth    ..........             (no amulet)
HPRegen  0.13/turn              (no ring)
MPRegen  0.09/turn              (no ring)

@: no status effects
A: no striking features
a: no special abilities


You were on level 3 of the Dungeon.
You were hungry.

You visited 1 branch of the dungeon, and saw 3 of its levels.

You collected 41 gold pieces.

Inventory:

Hand Weapons
 a - a +1 hand crossbow
 b - a +1 short sword (weapon)
Missiles
 d - 12 bolts
 e - 85 stones
 o - a poisoned dart (quivered)
 u - 4 javelins
Armour
 c - a +0 leather armour
 j - a +0 chain mail (worn)
 q - a +0 buckler (worn)
Scrolls
 h - a scroll of remove curse
 k - 4 scrolls of identify
 s - 2 scrolls of amnesia {unknown}
Potions
 i - 2 potions of brilliance
 n - a potion of berserk rage {unknown}
 p - a potion of degeneration {unknown}
 r - a potion of curing {unknown}
 t - a potion of mutation {unknown}
Comestibles
 f - 5 rations


   Skills:
 - Level 3.0 Fighting
 + Level 5.3 Crossbows
 - Level 2.0 Dodging
 - Level 1.0 Stealth
 + Level 2.6 Shields


You had 4 spell levels left.
You didn't know any spells.
Your spell library was empty.

Dungeon Overview and Level Annotations

Branches:
Dungeon (3/15)

Altars:
Ru
Yredelemnul

Annotations:
D:3 Sigmund


Message History

a cursed -1 hand axe; a +0 ring mail; a +0 club Sigmund appears from thin air!
Reactivating autopickup.
You see here a +0 club.
Sigmund points at you and mumbles some strange words.
You resist with some effort.
You are feeling hungry.
Sigmund gestures at you while chanting.
You are confused.
You bump into the rock wall.
You bump into the rock wall.
You bump into the rock wall.
You bump into the rock wall.
Sigmund hits you from afar with a +0 scythe.
* * * LOW HITPOINT WARNING * * *
You bump into the rock wall.
Sigmund hits you but does no damage.
You feel less confused.
Sigmund hits you from afar with a +0 scythe!
You die...

####### #.###.# #.#
......######.....####.####
#####............#.....[.#
############.#.##.##.#
#.#.##.##.# #.#.##.##.#
#@#{##.##.# #.#.##.##.#
###### #@#.##.##.# .....#
#.#.##.##.# ####.#
#<#>##.##.#
#.###########.#.##.##.#
####........)>...#.......#
.......##############.####
######.##############.#
#................#
##################


You could see Sigmund.

Vanquished Creatures
  Jessica (D:2)
  An adder (D:2)
  4 worms
  4 dart slugs
  A leopard gecko (D:1)
  11 orcs (D:3)
  3 giant cockroaches
  7 goblins
  5 hobgoblins
  3 quokkas
  3 ball pythons
  7 bats
  6 frilled lizards
  10 kobolds
  8 rats
  A spectral orc (D:3)
75 creatures vanquished.

Vanquished Creatures (others)
  An orc wizard (D:3)
1 creature vanquished.

Grand Total: 76 creatures vanquished

Notes
Turn   | Place    | Note
-------+----------+-------------------------------------------
     0 | D:1      | Krouwed the Human Hunter began the quest for the Orb.
     0 | D:1      | Reached XP level 1. HP: 16/16 MP: 1/1
    70 | D:1      | Reached XP level 2. HP: 23/23 MP: 2/2
   353 | D:1      | Reached XP level 3. HP: 17/28 MP: 3/3
  1128 | D:2      | Reached XP level 4. HP: 31/35 MP: 4/4
  1164 | D:2      | Reached skill level 1 in Shields
  1812 | D:2      | Noticed Jessica
  1830 | D:2      | Killed Jessica
  1944 | D:2      | Reached skill level 5 in Crossbows
  1958 | D:2      | Found a faded altar of an unknown god.
  2080 | D:3      | Reached XP level 5. HP: 34/41 MP: 5/5
  2404 | D:3      | Found a sacrificial altar of Ru.
  2583 | D:3      | Noticed Sigmund
  3798 | D:3      | Found a basalt altar of Yredelemnul.
  3874 | D:3      | HP: 2/41 [something (9)]
  3913 | D:3      | Slain by Sigmund

Levels and vault maps discovered:
D:1:      minmay_arrival_glassed_features, layout_basic
D:2:      layout_loops_ring, chequers_ecumenical_altar_lobes, uniq_jessica
D:3:      layout_loops_ring, lemuel_coloured_pillars_altar,
          yredelemnul_forgotten_temple_becter, uniq_sigmund

Skill      XL: |  1  2  3  4  5 |
---------------+----------------+-----
Fighting       | 3 |  3.0
Shields        | 1 2 |  2.6
Crossbows      | 5 |  5.3
Dodging        | |  2.0
Stealth        | |  1.0

Action                   |  1- 3 |  4- 6 || total
-------------------------+-------+-------++-------
Melee: Short sword       |   103 |   215 ||   318
 Fire: Hand crossbow     |    31 |    26 ||    57
Throw: Stone             |     8 |     1 ||     9
       Dart              |       |    58 ||    58
  Use: Scroll            |       |     5 ||     5
  Eat: Chunk             |     1 |     5 ||     6
       Ration            |       |     1 ||     1
Armor: Chain mail        |    85 |   128 ||   213
Dodge: Dodged            |    33 |    65 ||    98
Block: Buckler           |     6 |    44 ||    50

Table legend:
 A = Non-vault XP
 B = Vault XP
 C = Vault XP percentage of total XP
 D = Non-vault monster count
 E = Vault monster count
 F = Vault count percentage of total count
                 A         B        C        D         E       F
            +---------+---------+-------+---------+---------+-------
      Total |     195 |      38 |  16.3 |      74 |       2 |   2.6
            +---------+---------+-------+---------+---------+-------
        D:1 |      41 |       0 |   0.0 |      23 |       0 |   0.0
        D:2 |      58 |      37 |  38.9 |      24 |       1 |   4.0
        D:3 |      96 |       1 |   1.0 |      27 |       1 |   3.6
            +---------+---------+-------+---------+---------+-------
